 Dungeon Crawl Stone Soup version 0.25.1-11-g244df3a29b (webtiles) character file.

Game seed: 8402708276497943696

294319 DeepDeath the Crack Shot (level 20, -13/187 HPs)
             Began as a Centaur Berserker on Feb 15, 2024.
             Was a High Priest of Trog.
             Mangled by a stone giant (37 damage)
             ... on level 3 of the Vaults on Feb 19, 2024.
             The game lasted 03:33:54 (49944 turns).

DeepDeath the Crack Shot (Centaur Berserker)       Turns: 49944, Time: 03:33:54

Health: -13/187    AC: 25    Str: 23    XL:     20   Next: 3%
Magic:  24/24      EV: 13    Int: 12    God:    Trog [*****.]
Gold:   536        SH:  5    Dex: 17    Spells: 19/19 levels left

rFire    + + .     SeeInvis .   w - +12 double sword of Soedd {flame, Dex+2 Stlth+}
rCold    + . .     Gourm    .   (no shield)
rNeg     + . .     Faith    .   O - +2 leather armour of Lugonu's Inspiration {Regen+ rCorr Stlth+}
rPois    +         Spirit   .   t - +1 helmet
rElec    +         Reflect  +   C - +2 cloak {rC+}
rCorr    +         Harm     .   P - +0 pair of gloves
MR       +....                  y - +1 centaur barding
Stlth    ++++......             I - amulet of reflection
HPRegen  0.81/turn              Q - ring "Fexzum" {*Drain rElec rPois rN+ Int+4}
MPRegen  0.19/turn              L - ring of Del Tuar {rF++ AC+4 Int+2}

@: very quick
A: large, hooves 3, deformed body, speed 2, tough skin 3
}: 2/15 runes: decaying, serpentine
a: Berserk, Trog's Hand, Brothers in Arms, Renounce Religion


You were on level 3 of the Vaults.
You worshipped Trog.
Trog was extremely pleased with you.
You were not hungry.

You visited 6 branches of the dungeon, and saw 34 of its levels.
You also visited: Ice Cave and Volcano.

You collected 4393 gold pieces.
You spent 3857 gold pieces at shops.

Inventory:

Hand Weapons
 d - a +3 great sword of holy wrath
 q - a +4 longbow of flaming
 r - the +10 great sword "Resae" {flame, *Rage rPois Str+4 Dex+9}
   (You found it on level 12 of the Dungeon)

   It has been specially enchanted to burn those struck by it, causing extra
   injury to most foes and up to half again as much damage against particularly
   susceptible opponents.
   Big, fiery blades are also staple armaments of hydra-hunters.
   It affects your strength (+4).
   It affects your dexterity (+9).
   It protects you from poison.
   It may make you go berserk in combat.
 w - the +12 double sword of Soedd (weapon) {flame, Dex+2 Stlth+}
   (Trog gifted it to you on level 5 of the Lair of Beasts)

   It has been specially enchanted to burn those struck by it, causing extra
   injury to most foes and up to half again as much damage against particularly
   susceptible opponents.
   Big, fiery blades are also staple armaments of hydra-hunters.
   It affects your dexterity (+2).
   It makes you more stealthy.
Missiles
 x - 511 arrows
 A - 3 silver boomerangs (quivered)
 J - 16 javelins
 Z - 8 curare-tipped darts
Armour
 t - a +1 helmet (worn)
 y - a +1 centaur barding (worn)
 C - a +2 cloak of cold resistance (worn)
 O - the +2 leather armour of Lugonu's Inspiration (worn) {Regen+ rCorr Stlth+}
   (You found it on level 5 of the Lair of Beasts)

   It increases your rate of regeneration.
   It provides partial protection from all sources of acid and corrosion.
   It makes you more stealthy.
 P - a +0 pair of gloves (worn)
Jewellery
 i - the ring "Fetassav" {rC+ Int+3 Dex+2 SInv}
   (You bought it in a shop on level 1 of the Snake Pit)

   [ring of see invisible]

   It affects your intelligence (+3).
   It affects your dexterity (+2).
   It protects you from cold.
   It lets you see invisible.
 I - an amulet of reflection (around neck)
 L - the ring of Del Tuar (right hand) {rF++ AC+4 Int+2}
   (You bought it in a shop on level 15 of the Dungeon)

   [ring of protection]

   It affects your AC (+4).
   It affects your intelligence (+2).
   It greatly protects you from fire.
 Q - the ring "Fexzum" (left hand) {*Drain rElec rPois rN+ Int+4}
   (You bought it in a shop on level 1 of the Snake Pit)

   [ring of positive energy]

   It affects your intelligence (+4).
   It insulates you from electricity.
   It protects you from poison.
   It protects you from negative energy.
   It causes draining when unequipped.
Wands
 a - a wand of paralysis (8)
 g - a wand of digging (2)
 s - a wand of iceblast (89)
 M - a wand of disintegration (45)
 R - a wand of enslavement (8)
 S - a wand of acid (13)
Scrolls
 k - 18 scrolls of remove curse
 m - 6 scrolls of blinking
 n - 17 scrolls of teleportation
 z - 10 scrolls of fog
 B - 2 scrolls of summoning
 D - 5 scrolls of holy word
 F - 2 scrolls of magic mapping
 N - 5 scrolls of fear
 V - 15 scrolls of identify
 Y - 2 scrolls of silence
Potions
 b - 8 potions of heal wounds
 c - 9 potions of curing
 h - 4 potions of haste
 j - 6 potions of flight
 p - a potion of might
 u - a potion of cancellation
 E - a potion of berserk rage
 T - 2 potions of ambrosia
 U - a potion of resistance
Miscellaneous
 e - a lightning rod (4/4)
 l - 2 phantom mirrors
 o - a phial of floods
Comestibles
 f - 42 rations


   Skills:
 - Level 18.0 Fighting
 + Level 17.8 Long Blades
 - Level 21.0 Bows
 - Level 6.0 Throwing
 - Level 9.0 Armour
 - Level 9.0 Dodging
 - Level 4.0 Stealth
 - Level 6.0 Evocations


You had 19 spell levels left.
You didn't know any spells.
Your spell library contained the following spells:

 Spells                   Type           Power        Failure   Level  Hunger
 Freeze                   Ice            #...         36%         1    ##.....
 Sandblast                Erth           #.....       36%         1    ##.....
 Ensorcelled Hibernation  Hex/Ice        #.....       50%         2    ###....
 Passwall                 Tmut/Erth      #.......     50%         2    ###....
 Frozen Ramparts          Ice            #.....       73%         3    ####...
 Ozocubu's Armour         Chrm/Ice       #.......     73%         3    ####...
 Hailstorm                Conj/Ice       #.......     98%         4    #####..
 Leda's Liquefaction      Hex/Erth       #.........   98%         4    #####..
 Summon Ice Beast         Ice/Summ       #.......     98%         4    #####..
 Lee's Rapid Deconstruct  Erth           #.........   100%        5    ######.
 Metabolic Englaciation   Hex/Ice        #.........   100%        5    ######.
 Freezing Cloud           Conj/Ice/Air   #.........   100%        6    #######
 Ozocubu's Refrigeration  Ice            #.........   100%        6    #######
 Statue Form              Tmut/Erth      #........    100%        6    #######


Dungeon Overview and Level Annotations

Branches:
Dungeon (15/15)            Temple (0/1) D:7            Lair (6/6) D:11
  Swamp (4/4) Lair:4        Snake (4/4) Lair:3        Slime (0/5) Lair:5
    Orc (2/2) D:10            Elf (0/3) Orc:2        Vaults (3/5) D:14
  Crypt (0/3) Vaults:2     Depths (0/5) D:15          IceCv (visited)
Volcano (visited)

Altars:
Dithmenos
Fedhas
Gozag
Makhleb
Qazlal
Vehumet
Xom
Beogh
Jiyva

Shops:
D:5 *   D:12 ?%   D:13 !   D:15 :=(*   Orc:2 ((:*?   Snake:1 (==}   Snake:4 !


Innate Abilities, Weirdness & Mutations

You have hooves in place of feet.
Armour fits poorly on your strangely shaped body.
You cover ground very quickly.
You have extremely tough skin. (AC +3)


Message History

The stone giant is moderately wounded.
The yaktaur hits you!
You are too injured to fight recklessly!
You are too injured to fight recklessly!
You are too injured to fight recklessly!
You hit the stone giant. You burn the stone giant.
You kick the stone giant, but do no damage.
The stone giant is moderately wounded.
The stone giant hits you.
The yaktaur shoots a bolt.
The bolt hits you!!
The yaktaur hits you but does no damage.
You slice the stone giant!! You burn the stone giant!
You kick the stone giant, but do no damage.
The stone giant is almost dead.
The stone giant hits you!!!
* * * LOW HITPOINT WARNING * * *
You hit the stone giant but do no damage.
You kick the stone giant.
The stone giant is almost dead.
You block the yaktaur's attack. The stone giant hits you!!!
You die...

#######+###
#...(.c...#
#...)@c...#
#....)C...#
#.........#
#?........#
#.........#
###########


You could see a stone giant and 2 yaktaurs.

Vanquished Creatures
  Bai Suzhen (Vaults:2)
  Vashnia (Snake:2)
  6 thorn hunters
  Agnes (Snake:1)
  Roxanne (D:15)
  Kirke (Snake:2)
  12 nagarajas
  5 vault wardens
  Aizul (Snake:2)
  An orc warlord (Orc:2)
  3 ironheart preservers
  Louise (Swamp:4)
  2 stone giants (Vaults:2)
  Nessos (Lair:5)
  2 deep elf demonologists (Vaults:1)
  2 eidola (Vaults:2)
  Snorg (D:13)
  2 fire dragons
  4 deep elf death magi (Vaults:1)
  5 yaktaur captains
  Erolcha (Orc:2)
  A great orb of eyes (Vaults:2)
  Josephine (D:11)
  6 ogre magi
  A vault guard (Vaults:2)
  23 hydras
  4 ice dragons
  11 anacondas
  Erica (D:10)
  12 naga warriors
  3 shambling mangroves
  A catoblepas (Lair:6)
  8 alligators
  A ghost crab (Swamp:3)
  18 two-headed ogres
  The ghost of roflc0ptic the Martial Artist, a journeyman OpTm of Cheibriados (D:10)
  2 dancing weapons (D:14)
  5 centaur warriors
  3 death knights
  9 death yaks
  A tengu warrior (D:14)
  Urug (Orc:2)
  14 naga sharpshooters
  6 orc high priests
  Sonja (Lair:1)
  A shadow wraith (Vaults:2)
  14 shock serpents
  2 deep elf knights
  A hell knight (Volcano)
  2 salamander mystics
  A deep troll (Vaults:2)
  5 unseen horrors
  A spriggan druid (Swamp:4)
  4 naga ritualists (Snake:4)
  8 ironbrand convokers
  3 wizards
  7 sea snakes (Snake:4)
  8 swamp dragons
  6 orc knights
  8 deep elf magi
  A lindwurm (Lair:6)
  4 deep elf archers (Vaults:1)
  3 orc sorcerers
  3 harpies (Vaults:2)
  5 mana vipers
  A necromancer (IceCv)
  2 wolf spiders
  A wolf spider zombie (D:13)
  3 oklob plants
  36 ugly things
  22 slime creatures
  5 manticores
  6 salamanders
  5 cyclopes
  3 centaur zombies
  6 guardian serpents
  A guardian serpent (shapeshifter) (D:15)
  20 naga magi
  2 elephants (Lair:6)
  An ice statue (IceCv)
  A torpor snail (Lair:6)
  5 vault sentinels
  33 black mambas
  2 gargoyles
  2 molten gargoyles (Volcano)
  3 rime drakes
  2 centaur skeletons (D:14)
  22 spiny frogs
  14 komodo dragons
  14 freezing wraiths
  A yaktaur (shapeshifter) (Vaults:1)
  2 acid dragons
  A rime drake (shapeshifter) (D:15)
  2 kobold demonologists
  22 yaktaurs
  6 trolls
  2 trolls (shapeshifter) (Vaults:2)
  6 meliai
  6 tyrant leeches
  A wolf spider simulacrum (IceCv)
  8 dream sheep (Lair:6)
  17 hippogriffs
  9 hornets
  8 bog bodies
  12 blink frogs
  Sigmund (D:5)
  2 shadows
  2 spriggans (Swamp:4)
  9 wraiths
  50 yaks
  2 wyverns
  2 steam dragons (Lair:6)
  Eustachio (D:4)
  A basilisk (D:14)
  A human (D:12)
  4 hogs
  2 death yak simulacra (IceCv)
  6 fire bats (Volcano)
  2 hungry ghosts
  22 vampire mosquitoes
  17 swamp worms
  10 wargs
  Edmund (D:6)
  24 insubstantial wisps
  A soldier ant (D:12)
  61 nagas
  11 water moccasins
  2 porcupines
  Duvessa (D:4)
  2 eyes of draining
  A hornet zombie (D:15)
  27 orc warriors
  2 black bears
  15 swamp drakes
  6 sky beasts
  11 ice beasts
  2 phantoms
  18 ogres
  5 boggarts (Vaults:2)
  26 wolves
  9 crocodiles
  13 centaurs
  9 big kobolds
  Blork the orc (D:6)
  20 bullfrogs
  A wyvern zombie (D:10)
  A gnoll sergeant (D:10)
  A glowing shapeshifter simulacrum (Vaults:1)
  3 scorpions
  A wyvern skeleton (D:14)
  Dowan (D:4)
  19 killer bees
  9 wights
  6 howler monkeys
  2 electric eels
  5 crimson imps
  A human simulacrum (Vaults:1)
  A bullfrog zombie (D:13)
  A quasit (D:12)
  5 draconian simulacra (IceCv)
  7 lava snakes (Volcano)
  31 orc priests
  3 hounds
  18 orc wizards
  5 jellies
  A gnoll shaman (Orc:2)
  Jessica (D:3)
  10 iguanas
  15 worker ants
  A polar bear simulacrum (IceCv)
  4 spriggan simulacra (IceCv)
  5 troll simulacra (IceCv)
  A killer bee zombie (D:8)
  A bullfrog simulacrum (D:12)
  A centaur simulacrum (IceCv)
  2 hound zombies
  2 hound skeletons
  Robin (D:2)
  12 gnolls
  A howler monkey skeleton (D:5)
  17 adders
  3 naga simulacra (IceCv)
  2 ogre simulacra (IceCv)
  2 river rats (Lair:5)
  7 shadow imps
  24 white imps
  2 oozes
  An adder zombie (D:2)
  2 adder skeletons
  4 worms
  2 dart slugs
  8 leopard geckos
  111 orcs
  9 bats
  11 giant cockroaches
  8 goblins
  15 hobgoblins
  17 jackals
  26 kobolds
  5 quokkas
  A ball python (D:3)
  5 frilled lizards
  A quokka skeleton (D:7)
  6 rats
  A bush (Lair:3)
  2 fungi
  5 plants
1468 creatures vanquished.

Vanquished Creatures (collateral kills)
  A thorn hunter (Swamp:4)
  A nagaraja (Snake:4)
  2 hydras (Lair:6)
  A naga warrior (Snake:4)
  A naga sharpshooter (Snake:1)
  A swamp dragon (Swamp:4)
  2 ugly things (Swamp:4)
  A salamander (Snake:4)
  A cyclops (D:12)
  A guardian serpent (Snake:4)
  4 dream sheep (Lair:6)
  2 vampire mosquitoes (Swamp:4)
  6 nagas
  A swamp drake (Swamp:4)
  2 wolves (Lair:6)
  4 orc priests (Orc:2)
  2 orcs (Orc:2)
33 creatures vanquished.

Vanquished Creatures (others)
  A yaktaur (Vaults:2)
  3 humans (Snake:2)
  An orc wizard (Orc:2)
  3 orcs (Orc:2)
  16 fungi
  14 plants
38 creatures vanquished.

Grand Total: 1539 creatures vanquished

Notes
Turn   | Place    | Note
-------+----------+-------------------------------------------
     0 | D:1      | DeepDeath the Centaur Berserker began the quest for the
                  | Orb.
     0 | D:1      | Reached XP level 1. HP: 19/19 MP: 1/1
    80 | D:1      | Reached XP level 2. HP: 25/26 MP: 2/2
   598 | D:1      | Reached ** piety under Trog
   628 | D:1      | Reached XP level 3. HP: 23/31 MP: 3/3
  1348 | D:2      | Noticed Robin
  1358 | D:2      | Reached XP level 4. HP: 38/38 MP: 4/4
  1375 | D:2      | Killed Robin
  1495 | D:2      | Reached skill level 5 in Long Blades
  1726 | D:2      | Reached *** piety under Trog
  2019 | D:3      | Noticed Jessica
  2023 | D:3      | Killed Jessica
  2023 | D:3      | Reached XP level 5. HP: 43/45 MP: 5/5
  2217 | D:3      | Reached skill level 1 in Throwing
  3178 | D:4      | Found a blossoming altar of Fedhas.
  3228 | D:4      | Noticed Dowan
  3232 | D:4      | Noticed Duvessa
  3233 | D:4      | Killed Dowan
  3233 | D:4      | Reached XP level 6. HP: 46/51 MP: 6/6
  3267 | D:4      | Killed Duvessa
  3702 | D:4      | Noticed Eustachio
  4367 | D:4      | Killed Eustachio
  4367 | D:4      | Reached XP level 7. HP: 57/57 MP: 7/7
  4420 | D:5      | Entered Level 5 of the Dungeon
  4466 | D:5      | Reached **** piety under Trog
  4489 | D:5      | Reached skill level 1 in Evocations
  4510 | D:5      | Found a radiant altar of Vehumet.
  4872 | D:5      | Found a shadowy altar of Dithmenos.
  4934 | D:5      | Noticed Sigmund
  4949 | D:5      | Killed Sigmund
  4949 | D:5      | Reached XP level 8. HP: 56/63 MP: 9/9
  5211 | D:5      | Found Noxuewef's General Store.
  5757 | D:6      | Noticed Edmund
  5768 | D:6      | Killed Edmund
  5768 | D:6      | Reached skill level 1 in Bows
  5811 | D:6      | Noticed Blork the orc
  5822 | D:6      | Killed Blork the orc
  5862 | D:6      | You fall into a shaft and drop 2 floors!
  5893 | D:8      | Reached skill level 2 in Bows
  5899 | D:8      | Reached ***** piety under Trog
  5963 | D:8      | Reached XP level 9. HP: 64/70 MP: 10/10
  6188 | D:8      | Reached skill level 3 in Bows
  6376 | D:8      | Reached skill level 5 in Throwing
  6772 | D:7      | Found a staircase to the Ecumenical Temple.
  6835 | D:7      | Reached skill level 4 in Bows
  6888 | D:7      | Reached skill level 10 in Long Blades
  7733 | D:9      | Reached XP level 10. HP: 80/80 MP: 12/12
  7806 | D:9      | Reached skill level 5 in Fighting
  7893 | D:9      | Reached skill level 5 in Bows
  8007 | D:9      | Noticed a two-headed ogre
  8024 | D:9      | Killed a two-headed ogre
  8046 | D:9      | Reached skill level 6 in Bows
  8046 | D:9      | Noticed a two-headed ogre
  8113 | D:9      | Killed a two-headed ogre
  8390 | D:9      | Reached skill level 7 in Bows
  8422 | D:9      | Reached XP level 11. HP: 47/86 MP: 14/14
  8823 | D:10     | Entered Level 10 of the Dungeon
  9066 | D:10     | Found a staircase to the Orcish Mines.
  9101 | D:10     | Reached skill level 8 in Bows
  9259 | D:10     | Noticed Erica
  9296 | D:10     | Killed Erica
  9325 | D:10     | Noticed an unseen horror
  9335 | D:10     | Killed an unseen horror
  9347 | D:10     | Noticed a two-headed ogre
  9469 | D:10     | Killed a two-headed ogre
  9469 | D:10     | Reached skill level 9 in Bows
  9578 | D:10     | Got a scorched ring mail
  9804 | D:10     | Identified the +3 ring mail of Hepliaklqana's Scorn {Str+4
                  | Dex-3} (You found it on level 10 of the Dungeon)
  9884 | D:10     | Found a large runed translucent door.
  9884 | D:10     | Found a large runed translucent door.
  9894 | D:10     | Noticed roflc0ptic's ghost (journeyman OpTm)
 10110 | D:11     | Noticed a death yak
 10134 | D:11     | Killed a death yak
 10326 | D:11     | Noticed a death yak
 10326 | D:11     | Noticed a death yak
 10328 | D:11     | Noticed a death yak
 10393 | D:10     | Killed a death yak
 10518 | D:11     | Found a staircase to the Lair.
 10556 | D:11     | Noticed Josephine
 10591 | D:11     | Reached XP level 12. HP: 100/100 MP: 15/15
 10593 | D:11     | Reached skill level 5 in Armour
 10615 | D:11     | Killed Josephine
 10699 | D:11     | Noticed a death yak
 10729 | D:11     | Noticed a death yak
 10768 | D:10     | Killed a death yak
 10905 | D:11     | Killed a death yak
 10908 | D:11     | Killed a death yak
 10908 | D:11     | Reached skill level 10 in Bows
 10912 | D:11     | Killed a death yak
 11579 | D:11     | You fall into a shaft and drop 2 floors!
 12166 | D:13     | Noticed a death knight
 12182 | D:13     | Killed a death knight
 12198 | D:13     | Found Onuh's Distillery.
 12227 | D:13     | Got a spiked ring mail
 12228 | D:13     | Identified the +4 ring mail of the Untouchables {rC- MR+
                  | Dex+4} (You found it on level 13 of the Dungeon)
 12380 | D:13     | Reached skill level 11 in Bows
 12528 | D:13     | Noticed a two-headed ogre
 12533 | D:13     | Noticed a two-headed ogre
 12564 | D:13     | Killed a two-headed ogre
 12572 | D:13     | Killed a two-headed ogre
 12686 | D:13     | Noticed Snorg
 12697 | D:13     | Killed Snorg
 12869 | D:13     | Bought a potion of invisibility for 136 gold pieces
 12869 | D:13     | Bought a potion of ambrosia for 136 gold pieces
 13656 | D:14     | Noticed a tengu warrior
 13673 | D:13     | Reached XP level 13. HP: 53/108 MP: 16/16
 13836 | D:12     | Found Raurit's Magic Scroll Emporium.
 13839 | D:12     | Bought a scroll of identify for 34 gold pieces
 13839 | D:12     | Bought a scroll of identify for 34 gold pieces
 13839 | D:12     | Bought a scroll of enchant weapon for 127 gold pieces
 13839 | D:12     | Bought a scroll of enchant weapon for 127 gold pieces
 14759 | Lair:1   | Entered Level 1 of the Lair of Beasts
 14948 | Lair:1   | Noticed Sonja
 14957 | Lair:1   | Reached skill level 12 in Bows
 14959 | Lair:1   | Killed Sonja
 16532 | Lair:2   | Received a gift from Trog
 16579 | Lair:2   | Found a shimmering altar of Xom.
 17424 | Lair:3   | Found a staircase to the Snake Pit.
 17734 | Lair:3   | Found a dark tunnel.
 17769 | Volcano  | Entered a volcano
 18066 | Volcano  | Reached skill level 15 in Long Blades
 18085 | Volcano  | Reached skill level 13 in Bows
 18301 | Volcano  | Found a burning altar of Makhleb.
 18306 | Volcano  | Reached skill level 10 in Fighting
 19862 | Lair:4   | Reached XP level 14. HP: 121/121 MP: 17/17
 19899 | Lair:4   | You fall into a shaft and drop 2 floors!
 19899 | Lair:6   | Entered Level 6 of the Lair of Beasts
 19947 | Lair:5   | Reached skill level 14 in Bows
 20102 | Lair:5   | Found a viscous altar of Jiyva.
 20102 | Lair:5   | Found a staircase to the Slime Pits.
 20485 | Lair:4   | Found a staircase to the Swamp.
 20982 | Lair:5   | Received a gift from Trog
 20986 | Lair:5   | Got a scorched double sword {god gift}
 20988 | Lair:5   | Identified the +12 double sword of Soedd {flame, Dex+2
                  | Stlth+} (Trog gifted it to you on level 5 of the Lair of
                  | Beasts)
 21052 | Lair:5   | Noticed Nessos
 21067 | Lair:5   | Killed Nessos
 21328 | Lair:5   | Identified the +2 leather armour of Lugonu's Inspiration
                  | {Regen+ rCorr Stlth+} (You found it on level 5 of the Lair
                  | of Beasts)
 21922 | D:10     | Killed roflc0ptic's ghost
 21987 | D:12     | Found Lomuthatzu's Food Boutique.
 22114 | D:12     | Found a burning altar of Makhleb.
 22114 | D:12     | Noticed an Executioner
 22732 | D:12     | Got a polished great sword
 22757 | D:12     | Identified the +10 great sword "Resae" {flame, *Rage rPois
                  | Str+4 Dex+9} (You found it on level 12 of the Dungeon)
 22922 | D:14     | Found a stormy altar of Qazlal.
 23077 | D:14     | Reached skill level 1 in Stealth
 23116 | D:14     | Found a gate to the Vaults.
 23489 | D:14     | Received a gift from Trog
 24166 | Orc:1    | Entered Level 1 of the Orcish Mines
 24372 | Orc:2    | Entered Level 2 of the Orcish Mines
 24372 | Orc:2    | Noticed Erolcha
 24384 | Orc:2    | Killed Erolcha
 24399 | Orc:2    | Noticed an orc warlord
 24750 | Orc:2    | Killed an orc warlord
 24752 | Orc:2    | Reached ****** piety under Trog
 24772 | Orc:2    | Reached XP level 15. HP: 18/130 MP: 18/18
 24924 | Orc:2    | Received a gift from Trog
 24929 | Orc:2    | Found Feikunt's Magic Scroll Shoppe.
 24930 | Orc:2    | Found a staircase to the Elven Halls.
 25197 | Orc:2    | Found Juemar's General Store.
 25197 | Orc:2    | Found Ziahayk's Book Shop.
 25257 | Orc:2    | Found a roughly hewn altar of Beogh.
 25304 | Orc:2    | Noticed Urug
 25314 | Orc:2    | Killed Urug
 25503 | Orc:2    | Found Temnirch's Weapon Shop.
 25503 | Orc:2    | Found Fevov's Antique Weapon Shoppe.
 25732 | Orc:2    | Bought a scroll of identify for 30 gold pieces
 25732 | Orc:2    | Bought a scroll of identify for 30 gold pieces
 25732 | Orc:2    | Bought a scroll of blinking for 112 gold pieces
 25732 | Orc:2    | Bought a scroll of identify for 30 gold pieces
 25732 | Orc:2    | Bought a scroll of silence for 112 gold pieces
 25732 | Orc:2    | Bought a scroll of fear for 52 gold pieces
 26939 | Lair:6   | Received a gift from Trog
 29062 | D:15     | Entered Level 15 of the Dungeon
 29128 | D:15     | Found a frozen archway.
 29229 | D:15     | Reached skill level 15 in Bows
 29287 | IceCv    | Entered an ice cave
 29327 | IceCv    | Received a gift from Trog
 29496 | IceCv    | Found an ancient bone altar of Kikubaaqudgha.
 29773 | IceCv    | Identified Sif Muna's Collected Works on Cold
 30265 | D:15     | Found the +12 glaive of Prune {vorpal}
 30371 | D:15     | Found Eraamp's Weapon Shoppe.
 30567 | D:15     | Reached XP level 16. HP: 131/145 MP: 19/19
 30726 | D:15     | Found Avempunu's Jewellery Boutique.
 30734 | D:15     | Bought an uncursed ring of protection from cold for 400
                  | gold pieces
 30734 | D:15     | Bought a cursed amulet of inaccuracy for 32 gold pieces
 30742 | D:15     | Reached skill level 16 in Bows
 30953 | D:15     | Found a staircase to the Depths.
 31041 | D:15     | Identified Roxanne's Papyrus of Earth
 31041 | D:15     | Noticed Roxanne
 31065 | D:15     | Killed Roxanne
 31250 | D:15     | Found Bagygax's General Store.
 31254 | D:15     | Bought a scroll of identify for 30 gold pieces
 31254 | D:15     | Bought a scroll of identify for 30 gold pieces
 31254 | D:15     | Bought the ring of Del Tuar {rF++ AC+4 Int+2} for 970 gold
                  | pieces
 31349 | D:15     | Found Enwutsea's Book Emporium.
 31948 | Swamp:1  | Entered Level 1 of the Swamp
 32503 | Swamp:1  | Received a gift from Trog
 32958 | Swamp:2  | Noticed a thorn hunter
 32974 | Swamp:2  | Killed a thorn hunter
 33097 | Swamp:2  | Paralysed by a hornet for 2 turns
 33113 | Swamp:2  | Noticed a thorn hunter
 33142 | Swamp:2  | Noticed a thorn hunter
 33152 | Swamp:2  | Killed a thorn hunter
 33157 | Swamp:2  | Killed a thorn hunter
 33233 | Swamp:2  | Noticed a thorn hunter
 33233 | Swamp:2  | Noticed a thorn hunter
 33246 | Swamp:2  | Killed a thorn hunter
 33251 | Swamp:2  | Killed a thorn hunter
 33338 | Swamp:2  | Reached skill level 5 in Evocations
 35383 | Swamp:4  | Entered Level 4 of the Swamp
 35419 | Swamp:4  | Received a gift from Trog
 35422 | Swamp:4  | Got a faintly glowing great sword {god gift}
 35437 | Swamp:3  | Identified the +4 great sword "Etoarac" {vorpal, *Corrode
                  | rF+ Str+3} (Trog gifted it to you on level 4 of the Swamp)
 35794 | Swamp:4  | Noticed a thorn hunter
 35801 | Swamp:4  | Killed a thorn hunter
 35801 | Swamp:4  | Reached skill level 5 in Dodging
 35812 | Swamp:4  | Noticed Louise
 35837 | Swamp:4  | Killed Louise
 36339 | Swamp:4  | Reached XP level 17. HP: 154/154 MP: 21/21
 36445 | Swamp:4  | Reached skill level 17 in Bows
 36614 | Swamp:4  | Reached skill level 15 in Fighting
 36749 | Swamp:4  | Got a decaying rune of Zot
 37297 | Snake:1  | Entered Level 1 of the Snake Pit
 37680 | Snake:1  | Reached skill level 18 in Bows
 37717 | Snake:1  | Found Byduem's Antique Weapon Boutique.
 37889 | Snake:1  | Noticed Agnes
 37903 | Snake:1  | Killed Agnes
 38218 | Snake:1  | Found Letru's Gadget Emporium.
 38218 | Snake:1  | Found Quateeg's Jewellery Shop.
 38219 | Snake:1  | Found Xiraesye's Jewellery Shop.
 38229 | Snake:1  | Bought the ring "Fexzum" {*Drain rElec rPois rN+ Int+4} for
                  | 533 gold pieces
 38797 | Snake:2  | Received a gift from Trog
 38798 | Snake:2  | Noticed Kirke
 38812 | Snake:2  | Killed Kirke
 39681 | Snake:2  | Noticed Vashnia
 39709 | Snake:2  | Killed Vashnia
 39709 | Snake:2  | Reached skill level 19 in Bows
 39873 | Snake:2  | Noticed Aizul
 39884 | Snake:2  | Killed Aizul
 40444 | Snake:3  | Reached XP level 18. HP: 136/163 MP: 22/22
 40489 | Snake:3  | Received a gift from Trog
 41073 | Snake:4  | Entered Level 4 of the Snake Pit
 41359 | Snake:4  | Reached skill level 20 in Bows
 42260 | Snake:4  | Found Vyelon's Distillery.
 42322 | Snake:4  | Bought a potion of heal wounds for 90 gold pieces
 42322 | Snake:4  | Bought a potion of resistance for 180 gold pieces
 42910 | Snake:4  | Received a gift from Trog
 42913 | Snake:4  | Got an encrusted triple sword {god gift}
 42914 | Snake:4  | Identified the +3 triple sword of the Fifty Xeniums {flame,
                  | Str+3} (Trog gifted it to you on level 4 of the Snake Pit)
 43699 | Snake:4  | Got a serpentine rune of Zot
 44047 | Vaults:1 | Entered Level 1 of the Vaults
 44205 | Vaults:1 | Received a gift from Trog
 44296 | Vaults:1 | Reached skill level 21 in Bows
 44457 | Vaults:1 | Paralysed by an orc sorcerer for 2 turns
 44525 | Vaults:1 | Reached XP level 19. HP: 171/172 MP: 23/23
 45167 | Vaults:1 | Received a gift from Trog
 46789 | Vaults:2 | Received a gift from Trog
 46983 | Vaults:2 | Found an opulent altar of Gozag.
 47527 | Vaults:2 | Found a staircase to the Crypt.
 48015 | Vaults:2 | Noticed Bai Suzhen
 48029 | Vaults:2 | Killed Bai Suzhen
 48490 | Vaults:2 | Received a gift from Trog
 48993 | Vaults:2 | Reached XP level 20. HP: 171/187 MP: 24/24
 49489 | Snake:1  | Bought the ring "Fetassav" {rC+ Int+3 Dex+2 SInv} for 632
                  | gold pieces
 49944 | Vaults:3 | Mangled by a stone giant

Illustrated notes

Levels and vault maps discovered:
D:1:      erik_arrival_triangle_small, layout_loops_corners
D:2:      layout_loops_ring, minmay_tiny_reverse_x, uniq_robin
D:3:      layout_basic, first_ration, eino_tiny_chamber, uniq_jessica
D:4:      layout_gridville, corexii_mini_fake_secret_closet, fedhas_altar_1,
          uniq_eustachio, uniq_duvessa
D:5:      layout_basic, vehumet_crystals, serial_shops,
          nicolae_shop_statue_plus, nicolae_dithmenos_through_a_glass_darkly,
          uniq_sigmund
D:6:      layout_basic, uniq_blork_the_orc, uniq_edmund
D:7:      layout_rooms, minmay_temple_entry_statues
D:8:      layout_cave_pools, nicolae_straight_to_the_point
D:9:      layout_rooms
D:10:     layout_long_grid, kennysheep_orc_monster_closet_entryway,
          ebering_ghost_disaster_area, uniq_erica
D:11:     layout_grid_maze, dpeg_lair_monsters, uniq_josephine
D:12:     minmay_the_grid_3x2 [minmay_the_grid_empty, minmay_the_grid_doors,
          minmay_the_grid_minigrid_small_alt, minmay_the_grid_box_x,
          minmay_the_grid_small_cups, minmay_the_grid_prize_shrinking_boxes],
          layout_loops_cross, serial_shops, kennysheep_mini_moat,
          nicolae_shop_behind_doors, grunt_livestock, makhleb_altar_promises_db
D:13:     layout_stronghold, serial_shops, shop, serial_park_tiny_pond,
          uniq_snorg
D:14:     layout_cave_pools, erik_vaults_1, infiniplex_staircase_diamond,
          nicolae_qazlal_general_emergency
D:15:     grunt_enter_depths_hoard, layout_grid_maze, serial_shops,
          nicolae_shop_waterfront, shop, shop, shop, portal_ice_cave_entry_imps,
          minmay_guarded_unrand_prune, uniq_roxanne
Lair:1:   layout_cellular_growth, lemuel_fruit_tree, uniq_sonja
Lair:2:   layout_misc_corridors, basic_altar, beast_lair_carwin_8,
          infiniplex_staircase_pool
Lair:3:   layout_cave_pods, minmay_snake_entry_guardpost_large,
          nicolae_volcano_entry_hallway, minivault_19, minmay_lair_oklob_bushes
Lair:4:   layout_misc_corridors, nicolae_swamp_entry_splash_gauntlet
Lair:5:   layout_gridlike, dpeg_slime_entry_enclosed_altar,
          chequers_serial_rivers_small_3, pond, grunt_megastairs_3, uniq_nessos
Lair:6:   hangedman_lair_in_review, layout_regular_city,
          guppyfry_lair_end_dragon, st_stairs_3
Swamp:1:  layout_falls_marsh, evilmike_swamp_ruin_house_2
Swamp:2:  nicolae_swamp_phyte_club, layout_basic_swamp,
          evilmike_swamp_ruin_house_5
Swamp:3:  layout_basic_swamp, nicolae_swamp_fairy_circle, swamp_pool1,
          nicolae_swamp_treefoil
Swamp:4:  swamp, layout_basic_swamp, swamp_pool3, uniq_louise
Snake:1:  layout_onion, special_room, serial_shops, nicolae_shop_stone,
          nicolae_snake_serpentine_hallways, serial_bayou_pond_e,
          minmay_shop_grove, uniq_agnes
Snake:2:  layout_layer_cave, uniq_kirke, uniq_aizul, uniq_vashnia
Snake:3:  layout_misc_corridors
Snake:4:  grunt_snake_rune_pools, layout_basic, serial_shops,
          nicolae_shop_stone, guppyfry_library_mini
Orc:1:    layout_caves
Orc:2:    st_orc_town, layout_caves, serial_shops, nicolae_shop_behind_doors,
          uniq_erolcha, uniq_urug
Vaults:1: vaults_mumra_lcd, vaults_room_fancy_cross, vaults_room_hallway,
          vaults_dpeg_cross, vaults_dpeg_encased_lava,
          nicolae_vaults_specimen_jars, hangedman_vaults_slice,
          nicolae_vaults_alarming, nicolae_vaults_mini_display_case,
          vaults_room_ringed_pool, vaults_mumra_chevron, vaults_room_semicircle,
          ontoclasm_vaults_loading_screen, serial_ice_m, layout_vaults_quadrants
Vaults:2: minmay_crypt_entry_simple_sparse, v_rooms_2, ontoclasm_vaults_twist,
          vaults_room_stairs_pillars, v_pattern_4, v_misc_23,
          vaults_room_large_hall, nicolae_vaults_asterisk,
          nicolae_vaults_border_crossing, nicolae_vaults_little_squares_1,
          vaults_room_hallway, vaults_dpeg_ring, vaults_standard_mumra_lines,
          layout_vaults_chaotic_city, basic_altar, uniq_bai_suzhen
Vaults:3: ontoclasm_vaults_decontamination, nicolae_vaults_circle_grid_a,
          nicolae_vaults_little_squares_6, v_misc_18, v_misc_5,
          nicolae_vaults_circle_grid_a, v_alt_pattern_4, ontoclasm_vaults_idyll,
          v_misc_3, hangedman_vaults_slither, vaults_dpeg_diagonal,
          vaults_mumra_minichess, nicolae_vaults_little_squares_2,
          layout_vaults_ring, serial_shops, shop

Skill      XL: |  1  2  3  4  5  6  7  8  9 10 11 12 13 14 15 16 17 18 19 20 |
---------------+-------------------------------------------------------------+-----
Long Blades    | 3 4 5 6 7 8 9 10 12 14 15 16 17 | 17.8
Throwing       | 1 2 3 4 5 6 |  6.0
Evocations     | 2 3 4 6 |  6.0
Bows           | 2 4 7 9 11 13 14 15 16 19 21 | 21.0
Dodging        | 2 3 4 5 6 8 9 |  9.0
Armour         | 3 4 5 6 7 8 9 |  9.0
Fighting       | 4 5 7 8 10 11 13 14 15 16 17 18 | 18.0
Stealth        | 2 4 |  4.0

Action                   |  1- 3 |  4- 6 |  7- 9 | 10-12 | 13-15 | 16-18 | 19-21 || total
-------------------------+-------+-------+-------+-------+-------+-------+-------++-------
Melee: Falchion          |    98 |   148 |   315 |   306 |    51 |       |       ||   918
       Kick              |    16 |    40 |    70 |   170 |   298 |   228 |    49 ||   871
       Short sword       |       |     2 |       |       |       |       |       ||     2
       Scimitar          |       |       |       |   225 |   351 |       |       ||   576
       Double sword      |       |       |       |       |   535 |   576 |   139 ||  1250
 Fire: Shortbow          |       |       |       |   170 |   987 |   241 |       ||  1398
       Longbow           |       |       |       |       |       |   888 |   541 ||  1429
Throw: Dart              |       |    10 |    29 |    72 |     9 |     2 |       ||   122
       Stone             |       |       |     1 |       |       |       |       ||     1
Invok: Trog's Hand       |     1 |       |     3 |    12 |    25 |    18 |     7 ||    66
       Berserk           |     1 |       |       |     9 |     4 |     3 |       ||    17
       Brothers in Arms  |       |       |       |       |     2 |     4 |     1 ||     7
Evoke: Wand              |       |     4 |     4 |     5 |    11 |     5 |     1 ||    30
       Lightning rod     |       |       |       |       |     1 |     2 |       ||     3
  Use: Scroll            |     8 |     8 |     7 |     4 |    20 |    10 |       ||    57
       Potion            |       |       |       |     2 |    12 |     5 |     1 ||    20
 Stab: Sleeping          |       |       |       |       |    26 |     2 |     1 ||    29
       Invisible         |       |       |       |       |     6 |       |       ||     6
       Confused          |       |       |       |       |     2 |       |       ||     2
       Distracted        |       |       |       |       |       |       |     1 ||     1
  Eat: Chunk             |     1 |     9 |    10 |    18 |    34 |    14 |    14 ||   100
       Ration            |       |       |       |     3 |     7 |     9 |     1 ||    20
Armor: Animal skin       |    44 |    29 |       |       |       |       |       ||    73
       Leather armour    |       |    15 |    40 |   158 |   427 |   348 |    86 ||  1074
       Robe              |       |       |    63 |       |    29 |       |       ||    92
       Ring mail         |       |       |       |       |     2 |       |       ||     2
       Acid dragon scale |       |       |       |       |     1 |       |       ||     1
Dodge: Dodged            |    55 |    71 |    89 |   165 |   415 |   226 |    85 ||  1106
Block: Other             |       |       |     4 |   101 |   185 |   121 |    37 ||   448
       Reflection        |       |       |       |     7 |    11 |    18 |    10 ||    46
       Rpst.: Falchion   |    17 |    31 |    23 |    17 |     3 |       |       ||    91
       Scimitar          |       |       |       |    20 |    35 |       |       ||    55
       Double sword      |       |       |       |       |    53 |    33 |     7 ||    93
